 Dungeon Crawl Stone Soup version 0.27.1-2-g3b301248ec (webtiles) character file.

Game seed: 17812764473857712793

427 Descartes the Covert (level 6, -3/28 HPs)
             Began as a Felid Delver on Oct 2, 2021.
             Slain by an iguana (13 damage)
             ... on level 4 of the Dungeon.
             The game lasted 00:07:19 (4572 turns).

Descartes the Covert (Felid Delver)                 Turns: 4572, Time: 00:07:19

Health: -3/28      AC:  2    Str: 10    XL:     6   Next: 65%
Magic:  7/7        EV: 20    Int: 11    God:
Gold:   164        SH:  0    Dex: 18    Spells: 4/5 levels left
                                        Lives:  0   Deaths: 1

rFire    . . .     SeeInvis +     - Unarmed
rCold    . . .     Faith    .   (shield unavailable)
rNeg     + . .     Spirit   .   (armour unavailable)
rPois    .         Reflect  .   (helmet unavailable)
rElec    .         Harm     .   (cloak unavailable)
rCorr    .         Rampage  .   (gloves unavailable)
Will     .....                  (boots unavailable)
Stlth    ++++......             (no amulet)
HPRegen  0.09/turn              n - ring of positive energy
MPRegen  0.10/turn              q - ring of flight

@: flying, quick
A: very small, claws 1, fangs 3, see invisible, speed 1, shaggy fur 2, stealthy
paws, no weapons or thrown items, no armour, multi-lived
a: no special abilities


You were on level 4 of the Dungeon.
You visited 2 branches of the dungeon, and saw 6 of its levels.

You collected 164 gold pieces.

Inventory:

Jewellery
 n - a ring of positive energy (left paw)
 q - a ring of flight (right paw)
Wands
 e - a wand of digging (3)
Scrolls
 a - a scroll of fog
 b - a scroll of magic mapping
 c - a scroll of fear
 g - a scroll of identify {unknown}
 h - a scroll of teleportation {unknown}
 l - a scroll of noise {unknown}
 p - 2 scrolls of amnesia {unknown}
 r - a scroll of acquirement {unknown}
Potions
 d - a potion of haste
 f - a potion of curing {unknown}
 i - a potion of heal wounds
 j - a potion of invisibility {unknown}
 k - a potion of lignification {unknown}
 m - a potion of attraction {unknown}
 o - a potion of resistance {unknown}
 s - a potion of mutation {unknown}
 t - a potion of magic {unknown}


   Skills:
 - Level 3.3 Fighting
 + Level 5.7 Dodging
 + Level 9.7 Stealth
 + Level 3.0 Unarmed Combat
 + Level 1.5 Evocations


You had 4 spell levels left.
You knew the following spells:

 Your Spells              Type           Power      Damage    Failure   Level
a - Magic Dart            Conj           0%         1d3       34%         1

Your spell library contained the following spells:

 Spells                   Type           Power      Damage    Failure   Level
 Call Imp                 Summ           0%         N/A       47%         2
 Mephitic Cloud           Conj/Pois/Air  0%         N/A       71%         3


Dungeon Overview and Level Annotations

Branches:
Dungeon (5/15)             Temple (1/1) D:4

Altars:
Cheibriados
Dithmenos
Elyvilon
Fedhas
Gozag
Hepliaklqana
Kikubaaqudgha
Makhleb
Nemelex Xobeh
Qazlal
Sif Muna
Trog
Uskayaw
Xom
Zin

Shops:
D:2 ([   D:4 :


Innate Abilities, Weirdness & Mutations

You have sharp claws.
You have razor-sharp teeth.
You have supernaturally acute eyesight. (SInv)
You cover ground quickly. (Speed+)
You are covered in thick fur. (AC +2)
Your paws help you pounce on unaware monsters.
You are incapable of wielding weapons or throwing items.
You cannot wear armour.
You gain extra lives every three experience levels.


Message History

The iguana is moderately wounded.
The iguana misses you.
You scratch the iguana but do no damage.
You bite the iguana, but do no damage.
The iguana is moderately wounded.
The iguana bites you!
You scratch the iguana.
The iguana is heavily wounded.
The iguana barely misses you.
You closely miss the iguana.
The iguana is heavily wounded.
The iguana bites you.
You are too injured to fight recklessly!
You are too injured to fight recklessly!
You are too injured to fight recklessly!
You are too injured to fight recklessly!
You are too injured to fight recklessly!
You are too injured to fight recklessly!
You are too injured to fight recklessly!
You are too injured to fight recklessly!
You are too injured to fight recklessly!
You are too injured to fight recklessly!
You are too injured to fight recklessly!
You are too injured to fight recklessly!
You are too injured to fight recklessly!
You are too injured to fight recklessly!
You scratch the iguana but do no damage.
The iguana is heavily wounded.
The iguana closely misses you.
You scratch the iguana but do no damage.
The iguana is heavily wounded.
You closely miss the iguana.
The iguana is heavily wounded.
The iguana misses you.
There is a stone staircase leading up here.
You scratch the iguana but do no damage.
You bite the iguana, but do no damage.
The iguana is heavily wounded.
The iguana bites you!
You die...

..#..##.####.# ##.#
.............# #..#
#.#..######### #.## ######
#.#..# #.# #..... .....# #.#
#.###. .....# #####.#####.# #.
...>.## #...........# #.
......############.#...#######
#. ................@l.#.### #.
......##############.# #.
...#### #.# #. ...# #.# ##
...# #.# #.## #.# #.# #.# ..#
#.# #### #.#


You could see an iguana.

Vanquished Creatures
  An ogre (D:4)
  A phantom (D:5)
  A wyvern skeleton (D:5)
  A howler monkey (D:4)
  Jessica (D:3)
  2 iguanas (D:5)
  A hound zombie (D:5)
  2 hound skeletons
  3 adders
  2 worms (D:2)
  2 dart slugs
  2 orcs
  3 ball pythons
  6 endoplasms
  3 giant cockroaches
  4 goblins
  4 hobgoblins
  11 jackals
  2 kobolds (D:3)
  2 quokkas (D:1)
  5 bats
  7 frilled lizards
  6 rats
72 creatures vanquished.

Notes
Turn   | Place    | Note
-------+----------+-------------------------------------------
     0 | D:5      | Descartes the Felid Delver began the quest for the Orb.
     0 | D:5      | Reached XP level 1. HP: 10/10 MP: 2/2
     1 | D:5      | Noticed a phantom
    20 | D:5      | Killed a phantom
    21 | D:5      | Reached skill level 8 in Stealth
    21 | D:5      | Reached XP level 2. HP: 9/14 MP: 3/3
    21 | D:5      | Reached XP level 3. HP: 11/17 MP: 4/4
    21 | D:5      | Reached XP level 4. HP: 13/21 MP: 5/5
   145 | D:5      | Noticed a scorpion
   155 | D:5      | Slain by a scorpion
   156 | D:5      | Reached XP level 3. HP: -1/17 MP: 4/4
   279 | D:5      | Reached XP level 4. HP: 15/21 MP: 5/5
   619 | D:5      | Reached XP level 5. HP: 18/24 MP: 6/6
   698 | D:5      | Reached skill level 9 in Stealth
   999 | D:2      | Found Sunin's Antique Weapon Shop.
  1091 | D:2      | Found Fyesuggogeyj's Antique Armour Shop.
  1179 | D:2      | Learned a level 1 spell: Magic Dart
  1468 | D:2      | HP: 1/24 [poisoned by an adder]
  1477 | D:2      | Reached skill level 5 in Dodging
  2943 | D:3      | Noticed Jessica
  2955 | D:3      | Killed Jessica
  2956 | D:3      | Gained mutation: You are covered in thick fur. (AC +2)
                  | [Felid growth]
  2956 | D:3      | Reached XP level 6. HP: 23/28 MP: 7/7
  3151 | D:3      | Found a sparkling altar of Nemelex Xobeh.
  3152 | D:3      | Found a shimmering altar of Xom.
  3609 | D:4      | Found a staircase to the Ecumenical Temple.
  3615 | Temple   | Entered the Ecumenical Temple
  3713 | D:4      | Found Nudgheuj's Book Emporium.
  3761 | D:4      | Reached skill level 1 in Evocations
  4572 | D:4      | Slain by an iguana

Illustrated notes

Levels and vault maps discovered:
D:1:      minmay_arrival_semitransparent, layout_loops_ring
D:2:      layout_basic, serial_shops, nicolae_shop_trees, shop_fountains,
          minmay_misc_feat_chi, minmay_misc_feat_more_columns, st_stairs_3
D:3:      layout_basic, gammafunk_temple_overflow_statue, uniq_jessica
D:4:      layout_loops_ring, minmay_temple_entry_enclosed_plants, serial_shops,
          nicolae_shop_temple_entry_statues_fountains,
          kennysheep_opposing_triangles
D:5:      layout_gridville
Temple:   nicolae_temple_god_jail

Skill      XL: |  1  2  3  4  5  6 |
---------------+-------------------+-----
Dodging        | 3 4 5 |  5.7
Stealth        | 8 9 |  9.7
Evocations     | 1 |  1.5
Unarmed Combat | 3 |  3.0
Fighting       | |  3.3

Action                   |  1- 3 |  4- 6 || total
-------------------------+-------+-------++-------
Melee: Unarmed           |    18 |   191 ||   209
       Bite              |     2 |    25 ||    27
       Punch             |       |     2 ||     2
  Use: Potion            |       |     1 ||     1
 Stab: Sleeping          |     3 |    35 ||    38
       Distracted        |       |     1 ||     1
Armor: Skin              |       |    12 ||    12
Dodge: Dodged            |    11 |   137 ||   148
